 Dungeon Crawl Stone Soup version 0.21.1-1-g345015f (webtiles) character file.

291 inc the Gouger (level 6, 25/25 HPs)
             Began as a Felid Transmuter on Mar 5, 2018.
             Quit the game on level 4 of the Dungeon.
             The game lasted 00:08:31 (4822 turns).

inc the Gouger (Felid Transmuter)                   Turns: 4822, Time: 00:08:32

Health: 25/25      AC:  2    Str:  7    XL:     6   Next: 10%
Magic:  10/10      EV: 18    Int: 15    God:
Gold:   120        SH:  0    Dex: 17    Spells: 8/9 levels left
                                        Lives:  1   Deaths: 1

rFire    . . .     SeeInvis +     - Unarmed
rCold    . . .     Gourm    .   (shield unavailable)
rNeg     . . .     Faith    .   (armour unavailable)
rPois    .         Spirit   .   (helmet unavailable)
rElec    .         Reflect  .   (cloak unavailable)
rCorr    .         Harm     .   (gloves unavailable)
MR       .....                  (boots unavailable)
Stlth    ++........             (no amulet)
HPRegen  0.08/turn              (no ring)
MPRegen  0.12/turn              (no ring)

@: quick
A: very small, no armour, no weapons or thrown items, stealth, claws 1, fangs 3,
see invisible, carnivore, speed 1, shaggy fur 2, slow metabolism 1, sharp paws
a: no special abilities


You were on level 4 of the Dungeon.
You were not hungry.

You visited 1 branch of the dungeon, and saw 4 of its levels.
You also visited: Sewer.

You collected 120 gold pieces.

Inventory:

Missiles
 a - 12 arrows
Scrolls
 d - 2 scrolls of enchant weapon {unknown}
 e - 3 scrolls of magic mapping {unknown}
 f - 3 scrolls of identify {unknown}
 g - 2 scrolls of teleportation {unknown}
 i - a scroll of blinking {unknown}
 j - 2 scrolls of immolation {unknown}
 k - a scroll of amnesia {unknown}
 n - a scroll of remove curse {unknown}
 o - 2 scrolls of random uselessness {unknown}
Potions
 h - a potion of agility
 l - a potion of degeneration
 m - a potion of might {unknown}
 p - 4 potions of heal wounds
 q - 5 potions of curing
 r - a potion of brilliance
 s - a potion of mutation {unknown}
 t - a potion of flight
Books
 b - a book of Changes

   Spells                             Type                      Level
   a - Beastly Appendage              Transmutation                1
   b - Sticks to Snakes               Transmutation                2
   c - Spider Form                    Transmutation/Poison         3
   d - Ice Form                       Ice/Transmutation            4
   e - Blade Hands                    Transmutation                5
Comestibles
 c - 6 rations


   Skills:
 - Level 1.0 Fighting
 + Level 3.2 Dodging
 - Level 8.1 Unarmed Combat
 - Level 2.0 Spellcasting
 - Level 2.1 Transmutations


You had 8 spell levels left.
You knew the following spells:

 Your Spells              Type           Power        Failure   Level  Hunger
a - Beastly Appendage     Tmut           #.....       9%          1    #......


Dungeon Overview and Level Annotations

Branches:
Dungeon (4/15)
 Temple: D:4-7

Altars:

Shops:
D:4 ((

Annotations:
D:4 Dowan, Duvessa


Innate Abilities, Weirdness & Mutations

You cannot wear armour.
You are incapable of wielding weapons or throwing items.
Your paws allow you to move quietly. (Stealth)
You have sharp claws.
You have razor-sharp teeth.
You have supernaturally acute eyesight. (SInv)
You are carnivorous and can eat meat at any time.
You cover ground quickly.
You are covered in thick fur. (AC +2)
You have a slow metabolism.
Your sharp claws are effective at attacking unaware monsters.


Message History

Casting: Beastly Appendage
Confirm with . or Enter, or press ? or * to list all spells.
You grow a pair of large bovine horns.
The orc warrior barely misses you.
You scratch the orc warrior but do no damage.
The orc warrior hits you with a mace!!
Ouch! That really hurt!
You closely miss the orc warrior. The orc warrior hits you with a mace!
You die...
Your shape twists and changes as you die.
You are now level 6!
Your horns disappear.
You rejoin the land of the living...
Found four items.
Found Fimmelez's Weapon Boutique.
Found a stone staircase leading down.
An orc comes into view. It is wielding a short sword.
The orc shouts!
There is an entrance to Fimmelez's Weapon Boutique here.
Wield which item (- for none, * to show all)? (? for menu, Esc to quit)
Okay, then.
Are you sure you want to abandon this character and quit the game? (Confirm with "yes".)

#.........
#.....o..
#.......
#####......
.........>#
....?..[..#
.###.
..........#
....
..)....@..#
#>.#
..........#
#. #..#
..........#
#.####...
..........#
.........
.......[..#
#.......
..........#
#.......
..........#
#.......
#######...#
###....#
###..
#.#..#


You could see an orc.

Vanquished Creatures
  4 big kobolds (Sewer)
  2 scorpions (D:4)
  A hound skeleton (D:4)
  4 gnolls (D:4)
  3 adders
  An ooze (Sewer)
  5 worms
  2 dart slugs
  8 leopard geckos
  8 giant cockroaches
  8 goblins
  10 hobgoblins
  4 jackals
  2 quokkas
  3 ball pythons
  4 bats
  2 frilled lizards
  16 kobolds
  9 rats
96 creatures vanquished.

Notes
Turn   | Place    | Note
-------+----------+-------------------------------------------
     0 | D:1      | inc the Felid Transmuter began the quest for the Orb.
     0 | D:1      | Reached XP level 1. HP: 9/9 MP: 4/4
   226 | D:1      | Reached XP level 2. HP: 8/12 MP: 6/6
   854 | D:1      | Reached XP level 3. HP: 14/15 MP: 7/7
   966 | D:1      | Reached skill level 4 in Unarmed Combat
  2108 | D:2      | Reached XP level 4. HP: 13/19 MP: 8/8
  2837 | D:3      | Reached skill level 5 in Unarmed Combat
  3030 | D:3      | Found a glowing drain.
  3034 | Sewer    | Entered a sewer
  3107 | Sewer    | Noticed a big kobold
  3107 | Sewer    | Noticed a big kobold
  3123 | Sewer    | Killed a big kobold
  3123 | Sewer    | Reached XP level 5. HP: 22/22 MP: 7/9
  3130 | Sewer    | Reached skill level 6 in Unarmed Combat
  3428 | Sewer    | Gained mutation: You are covered in thick fur. (AC +2) [Felid growth]
  3428 | Sewer    | Reached XP level 6. HP: 21/25 MP: 8/10
  3433 | Sewer    | Reached skill level 7 in Unarmed Combat
  4020 | D:4      | Noticed Duvessa
  4020 | D:4      | Noticed Dowan
  4076 | D:4      | Found Mikekiek's Antique Weapon Shop.
  4618 | D:4      | Reached XP level 7. HP: 19/28 MP: 9/11
  4668 | D:4      | Reached skill level 8 in Unarmed Combat
  4819 | D:4      | Slain by an orc warrior
  4820 | D:4      | Reached XP level 6. HP: -1/25 MP: 9/10
  4820 | D:4      | Found Fimmelez's Weapon Boutique.
  4822 | D:4      | Quit the game

Skill      XL: |  1  2  3  4  5  6  7 |
---------------+----------------------+-----
Dodging        | 3 |  3.2
Unarmed Combat | 4 5 6 7 8 |  8.1
Fighting       | |  1.0
Spellcasting   | |  2.0
Transmutations | |  2.1

Action                   |  1- 3 |  4- 6 |  7- 9 || total
-------------------------+-------+-------+-------++-------
Melee: Unarmed           |   107 |   194 |     5 ||   306
       Bite              |    11 |    12 |       ||    23
       Headbutt          |     7 |    12 |       ||    19
       Punch             |       |     5 |       ||     5
 Cast: Beastly Appendage |    13 |    19 |     2 ||    34
  Use: Potion            |     3 |     7 |       ||    10
 Stab: Sleeping          |     5 |     7 |       ||    12
  Eat: Chunk             |     3 |    11 |       ||    14
Armor: Skin              |     5 |     9 |     1 ||    15
Dodge: Dodged            |   100 |   180 |     2 ||   282
